 Dungeon Crawl Stone Soup version 0.22.1-1-ga44c0e5 (webtiles) character file.

534 Harpaggios the Cudgeler (level 7, -1/52 HPs)
             Began as a Barachi Fighter on Oct 22, 2018.
             Was an Initiate of Makhleb.
             Succumbed to Eustachio's poison
             ... on level 5 of the Dungeon.
             The game lasted 00:19:54 (4593 turns).

Harpaggios the Cudgeler (Barachi Fighter)           Turns: 4593, Time: 00:19:55

Health: -1/52      AC: 12    Str: 20      XL:     7   Next: 25%
Magic:  7/7        EV:  5    Int:  8      God:    Makhleb [......]
Gold:   160        SH: 14    Dex: 10 (11) Spells: 6/6 levels left

rFire    + . .     SeeInvis +   a - +0 flail
rCold    . . .     Gourm    .   c - +0 shield
rNeg     . . .     Faith    .   o - +2 chain mail {rF+}
rPois    .         Spirit   .   (no helmet)
rElec    .         Reflect  +   (no cloak)
rCorr    .         Harm     .   (no gloves)
MR       .....                  (no boots)
Stlth    ..........             i - +5 amulet of reflection
HPRegen  0.17/turn              m - ring of see invisible
MPRegen  0.10/turn              (no ring)

@: lethally poisoned (-1 -> -15), slow
A: +LOS, swims, slowness 1, strong legs 1
a: Hop, Renounce Religion


You were on level 5 of the Dungeon.
You worshipped Makhleb.
Makhleb was noncommittal.
You were hungry.

You visited 2 branches of the dungeon, and saw 6 of its levels.

You collected 160 gold pieces.

Inventory:

Hand Weapons
 a - a +0 flail (weapon)
Armour
 c - a +0 shield (worn)
 o - a +2 chain mail of fire resistance (worn)
Jewellery
 i - a +5 amulet of reflection (around neck)
 m - a ring of see invisible (left hand)
Scrolls
 g - a scroll of blinking {unknown}
 h - 2 scrolls of teleportation
 j - 4 scrolls of identify
 l - a scroll of remove curse
 n - a scroll of enchant armour {unknown}
Potions
 d - 2 potions of might
 e - 2 potions of lignification
 k - a potion of agility
Comestibles
 f - 10 rations


   Skills:
 - Level 3.6 Fighting
 * Level 6.9 Maces & Flails
 + Level 6.4 Armour
 - Level 3.2 Shields


You had 6 spell levels left.
You didn't know any spells.
Your spell library was empty.

Dungeon Overview and Level Annotations

Branches:
Dungeon (5/15)             Temple (1/1) D:4

Altars:
Ashenzari
Makhleb
Ru
Wu Jian
Xom
Yredelemnul

Annotations:
D:4 2 transporters, rabbit's ghost, amateur GnWz
D:5 1 transporter, Eustachio


Innate Abilities, Weirdness & Mutations

Shadows flee at your approach. (+LOS)
You can swim through water.
You cover ground slowly.
You can hop short distances.


Message History

The bat hits you but does no damage. You block the bat's attack.
You hit Eustachio.
Eustachio is almost dead.
* * * LOW HITPOINT WARNING * * *
You feel sick. You block the bat's attack. The bat hits you but does no damage.
You block the bat's attack.
Eustachio mumbles some strange words.
Okay, then.
Your chain mail prevents you from hitting Eustachio.
Eustachio is almost dead.
* * * LOW HITPOINT WARNING * * *
You feel sick.
The bat disappears in a puff of smoke!
You block Eustachio's attack.
You closely miss Eustachio.
Eustachio is almost dead.
* * * LOW HITPOINT WARNING * * *
You feel sick. The rat barely misses you.
Eustachio casts a spell.
Eustachio blinks!
You die...

#.#)...#####.#..
#.##.........#.#
#.##.>..####.#.#
#.###...######.#
#.###..........#
#......#########
######.# #...br#
#.# #.###b# #.#
#.# #@# #.###.#
#.# #.....# #r#
#######
#.############
#@...5....ยง...
##############


You could see Eustachio, a river rat, 2 bats and a rat.

Vanquished Creatures
  Duvessa (D:5)
  An ogre (D:4)
  Dowan (D:5)
  A crimson imp (D:5)
  A jelly (D:5)
  An iguana (D:4)
  2 worker ants (D:4)
  A howler monkey zombie (D:5)
  8 adders
  An ooze (D:3)
  An adder skeleton (D:4)
  A leopard gecko (D:1)
  2 orcs
  14 bats
  5 giant cockroaches
  8 goblins
  11 hobgoblins
  7 jackals
  2 quokkas
  5 frilled lizards
  4 kobolds
  A leopard gecko skeleton (D:4)
  8 rats
87 creatures vanquished.

Notes
Turn   | Place    | Note
-------+----------+-------------------------------------------
     0 | D:1      | Harpaggios the Barachi Fighter began the quest for the Orb.
     0 | D:1      | Reached XP level 1. HP: 18/18 MP: 1/1
   213 | D:1      | Reached XP level 2. HP: 20/24 MP: 2/2
   747 | D:1      | Reached XP level 3. HP: 28/29 MP: 3/3
  1478 | D:3      | Reached XP level 4. HP: 34/36 MP: 4/4
  2051 | D:3      | Reached skill level 5 in Armour
  2147 | D:3      | Reached XP level 5. HP: 38/41 MP: 5/5
  2742 | D:4      | Reached skill level 5 in Maces & Flails
  2993 | D:4      | Noticed an ogre
  2999 | D:4      | Killed an ogre
  2999 | D:4      | Reached XP level 6. HP: 26/47 MP: 6/6
  3160 | D:4      | Found a staircase to the Ecumenical Temple.
  3179 | D:4      | Found a transporter.
  3180 | D:4      | Found a transporter.
  3180 | D:4      | Noticed rabbit's ghost (amateur GnWz)
  3181 | D:4      | Noticed a necrophage
  3895 | Temple   | Entered the Ecumenical Temple
  3917 | Temple   | Became a worshipper of Makhleb the Destroyer
  3952 | D:5      | Entered Level 5 of the Dungeon
  3974 | D:5      | Noticed Dowan
  4009 | D:5      | Killed Dowan
  4055 | D:5      | Noticed Duvessa
  4179 | D:5      | Killed Duvessa
  4179 | D:5      | Reached XP level 7. HP: 10/52 MP: 7/7
  4496 | D:5      | Found a transporter.
  4547 | D:5      | Noticed Eustachio
  4591 | D:5      | HP: 2/52 [poisoned by Eustachio]
  4593 | D:5      | Succumbed to Eustachio's poison

Skill      XL: |  1  2  3  4  5  6 |
---------------+-------------------+-----
Armour         | 4 5 6 |  6.4
Maces & Flails | 3 4 5 6 |  6.9
Fighting       | |  3.6
Shields        | |  3.2

Action                   |  1- 3 |  4- 6 |  7- 9 || total
-------------------------+-------+-------+-------++-------
Melee: Flail             |   143 |   240 |    45 ||   428
 Abil: Hop               |       |     3 |       ||     3
  Use: Scroll            |     3 |     3 |       ||     6
       Potion            |       |     4 |       ||     4
  Eat: Chunk             |     2 |     7 |     1 ||    10
       Ration            |       |     1 |       ||     1
Armor: Scale mail        |    83 |    79 |       ||   162
       Chain mail        |       |       |    36 ||    36
Dodge: Dodged            |    56 |    50 |     9 ||   115
Block: Shield            |    86 |   166 |    40 ||   292
